NCAA
FLORIDA GATORS @ NORTH CAROLINA TAR HEELS
05/15/2029
 
TOP OF THE 1ST
Florida Gators batting - Pitching for North Carolina Tar Heels : LHP Anderson Jackson
Pitching: LHP Anderson Jackson
Batting: RHB Miguel Jaramillo 0-0: Foul Ball, location: 2F
0-1: Swinging Strike
0-2: Foul Ball, location: 2F
0-2: Ball
1-2: Foul Ball, location: 2F
1-2: Foul Ball, location: 2F
1-2: Ball
2-2: Foul Ball, location: 2F
2-2: Ball
3-2: Strikes out looking
Batting: RHB Dwayne Dickey 0-0: Called Strike
0-1: Ball
1-1: Swinging Strike
1-2: Foul Ball, location: 2F
1-2: Ball
2-2: Foul Ball, location: 2F
2-2: Foul Ball, location: 2F
2-2: Strikes out swinging
Batting: LHB Juan Salas 0-0: SINGLE (Line Drive, 7S)
Batting: RHB Ryan Huber 0-0: Ball
1-0: Called Strike
1-1: Ball
2-1: Ball
3-1: Base on Balls
Juan Salas to second
Batting: RHB Tom Robinson 0-0: Ball
1-0: Ball
2-0: Ball
3-0: Called Strike
3-1: Called Strike
3-2: Base on Balls
Juan Salas to third
Ryan Huber to second
Batting: RHB Shayne Garneau 0-0: Ground out U3 (Groundball, 3L)
Top of the 1st over - 0 runs, 1 hit, 0 errors, 3 left on base; Florida 0 - North Carolina 0
BOTTOM OF THE 1ST
North Carolina Tar Heels batting - Pitching for Florida Gators : RHP Paul Glover
Pitching: RHP Paul Glover
Batting: RHB Marvin Montgomery 0-0: Ball
1-0: Foul Ball, location: 2F
1-1: Foul Ball, location: 2F
1-2: Foul Ball, location: 2F
1-2: Ball
2-2: Ground out U3 (Groundball, 3)
Batting: RHB Scotty Sherman 0-0: Called Strike
0-1: Ball
1-1: Fly out, F9 (Flyball, 89M)
Batting: LHB Marvin Jones 0-0: Ball
1-0: Called Strike
1-1: Ball
2-1: Ball
3-1: Base on Balls
Batting: LHB Timothy Pierce 0-0: Ball
1-0: Swinging Strike
1-1: Foul Ball, location: 2F
1-2: Ball
2-2: Ball
3-2: Strikes out swinging
Bottom of the 1st over - 0 runs, 0 hits, 0 errors, 1 left on base; Florida 0 - North Carolina 0
TOP OF THE 2ND
Florida Gators batting - Pitching for North Carolina Tar Heels : LHP Anderson Jackson
Batting: LHB Daniel Brennan 0-0: Ball
1-0: Ball
2-0: Ball
3-0: Called Strike
3-1: Foul Ball, location: 2F
3-2: Foul Ball, location: 2F
3-2: SINGLE (Groundball, 4D)
Batting: RHB Fred Byrd 0-0: Called Strike
0-1: Swinging Strike
0-2: Ball
1-2: Strikes out swinging
Batting: LHB Eddie Winters 0-0: Swinging Strike
0-1: Ball
Passed Ball!
Daniel Brennan to second
1-1: Foul Ball, location: 2F
1-2: Foul Ball, location: 2F
1-2: Ball
2-2: Strikes out looking
Batting: RHB Miguel Jaramillo 0-0: Swinging Strike
0-1: Swinging Strike
0-2: Fly out, F9 (Line Drive, 9LM)
Top of the 2nd over - 0 runs, 1 hit, 0 errors, 1 left on base; Florida 0 - North Carolina 0
BOTTOM OF THE 2ND
North Carolina Tar Heels batting - Pitching for Florida Gators : RHP Paul Glover
Batting: LHB Stanley Woods 0-0: Ball
1-0: Ground out 3-1 (Groundball, 23)
Batting: RHB Howard Brown 0-0: Ball
1-0: Foul Ball, location: 2F
1-1: Ball
2-1: Called Strike
2-2: Fly out, F2 (Popup, 25F)
Batting: LHB Alfonso Sánchez 0-0: Ground out 6-3 (Groundball, 6M)
Bottom of the 2nd over - 0 runs, 0 hits, 0 errors, 0 left on base; Florida 0 - North Carolina 0
TOP OF THE 3RD
Florida Gators batting - Pitching for North Carolina Tar Heels : LHP Anderson Jackson
Batting: RHB Dwayne Dickey 0-0: Called Strike
0-1: Ball
1-1: SINGLE (Flyball, 9S)
Batting: LHB Juan Salas 0-0: Fly out, F8 (Flyball, 8LD)
Batting: RHB Ryan Huber 0-0: Foul Ball, location: 2F
0-1: SINGLE (Groundball, 6M) (infield hit)
Dwayne Dickey to second
Batting: RHB Tom Robinson 0-0: Grounds into double play, 6-4-3 (Groundball, 6)
Top of the 3rd over - 0 runs, 2 hits, 0 errors, 1 left on base; Florida 0 - North Carolina 0
BOTTOM OF THE 3RD
North Carolina Tar Heels batting - Pitching for Florida Gators : RHP Paul Glover
Batting: RHB Shane Hunter 0-0: Called Strike
0-1: Ball
1-1: Foul Ball, location: 2F
1-2: Strikes out swinging
Batting: RHB James Shane 0-0: Foul Ball, location: 2F
0-1: Foul Ball, location: 2F
0-2: Ground out U3 (Groundball, 3S)
Batting: RHB Marvin Montgomery 0-0: Called Strike
0-1: Swinging Strike
0-2: Ball
1-2: Ball
2-2: Ball
3-2: Base on Balls
Batting: RHB Scotty Sherman 0-0: Called Strike
0-1: Swinging Strike
0-2: Ball
1-2: Ball
2-2: Fly out, F7 (Flyball, 7LD)
Bottom of the 3rd over - 0 runs, 0 hits, 0 errors, 1 left on base; Florida 0 - North Carolina 0
TOP OF THE 4TH
Florida Gators batting - Pitching for North Carolina Tar Heels : LHP Anderson Jackson
Batting: RHB Shayne Garneau 0-0: Ball
1-0: Ball
2-0: Ground out 4-3 (Groundball, 34)
Batting: LHB Daniel Brennan 0-0: Called Strike
0-1: Foul Ball, location: 2F
0-2: Foul Ball, location: 2F
0-2: Ball
1-2: Foul Ball, location: 2F
1-2: Ground out 4-3 (Groundball, 4MS)
Batting: RHB Fred Byrd 0-0: Fly out, F7 (Flyball, 7LM)
Top of the 4th over - 0 runs, 0 hits, 0 errors, 0 left on base; Florida 0 - North Carolina 0
BOTTOM OF THE 4TH
North Carolina Tar Heels batting - Pitching for Florida Gators : RHP Paul Glover
Batting: LHB Marvin Jones 0-0: Ground out 4-3 (Groundball, 6MS)
Batting: LHB Timothy Pierce 0-0: Ball
1-0: Foul Ball, location: 2F
1-1: Called Strike
1-2: Ball
2-2: Ball
3-2: DOUBLE (Line Drive, 9LM)
Batting: LHB Stanley Woods 0-0: Ball
1-0: Swinging Strike
1-1: Ball
2-1: Ball
3-1: Base on Balls
Batting: RHB Howard Brown 0-0: Called Strike
0-1: Foul Ball, location: 2F
0-2: Foul Ball, location: 2F
0-2: Ball
1-2: Ball
2-2: Strikes out looking
Batting: LHB Alfonso Sánchez 0-0: Called Strike
0-1: Ball
1-1: Foul Ball, location: 2F
1-2: Ball
2-2: Foul Ball, location: 2F
2-2: Foul Ball, location: 2F
2-2: Foul Ball, location: 2F
2-2: Ground out 1-3 (Groundball, 13)
Bottom of the 4th over - 0 runs, 1 hit, 0 errors, 2 left on base; Florida 0 - North Carolina 0
TOP OF THE 5TH
Florida Gators batting - Pitching for North Carolina Tar Heels : LHP Anderson Jackson
Batting: LHB Eddie Winters 0-0: Swinging Strike
0-1: Swinging Strike
0-2: Strikes out swinging
Batting: RHB Miguel Jaramillo 0-0: Ball
1-0: Foul Ball, location: 2F
1-1: Called Strike
1-2: Strikes out swinging
Batting: RHB Dwayne Dickey 0-0: Ball
1-0: SINGLE (Line Drive, 6MD)
Batting: LHB Juan Salas 0-0: Called Strike
0-1: Swinging Strike
0-2: Ball
1-2: Strikes out swinging
Top of the 5th over - 0 runs, 1 hit, 0 errors, 1 left on base; Florida 0 - North Carolina 0
BOTTOM OF THE 5TH
North Carolina Tar Heels batting - Pitching for Florida Gators : RHP Paul Glover
Batting: RHB Shane Hunter 0-0: Foul Ball, location: 2F
0-1: Ball
1-1: Swinging Strike
1-2: Fly out, F9 (Line Drive, 89M)
Batting: RHB James Shane 0-0: SOLO HOME RUN (Flyball, 89XD), Distance : 374 ft
Batting: RHB Marvin Montgomery 0-0: Called Strike
0-1: Ball
1-1: Ground out 5-3 (Groundball, 56S)
Batting: RHB Scotty Sherman 0-0: Foul Ball, location: 2F
0-1: Ball
1-1: Ball
2-1: Ground out 4-3 (Groundball, 4)
Bottom of the 5th over - 1 run, 1 hit, 0 errors, 0 left on base; Florida 0 - North Carolina 1
TOP OF THE 6TH
Florida Gators batting - Pitching for North Carolina Tar Heels : LHP Anderson Jackson
Pitching: RHP Van Mojica
Batting: RHB Ryan Huber 0-0: Ball
1-0: Foul Ball, location: 2F
1-1: Ball
2-1: Ball
3-1: Ground out 6-3 (Groundball, 6)
Batting: RHB Tom Robinson 0-0: Swinging Strike
0-1: Ground out 6-3 (Groundball, 6)
Batting: RHB Shayne Garneau 0-0: Fly out, F9 (Line Drive, 9S)
Top of the 6th over - 0 runs, 0 hits, 0 errors, 0 left on base; Florida 0 - North Carolina 1
BOTTOM OF THE 6TH
North Carolina Tar Heels batting - Pitching for Florida Gators : RHP Paul Glover
Pitching: RHP Joseph Saunders
Batting: LHB Marvin Jones 0-0: Called Strike
0-1: Swinging Strike
0-2: Strikes out swinging
Batting: LHB Timothy Pierce 0-0: Ball
1-0: Called Strike
1-1: Foul Ball, location: 2F
1-2: Ball
2-2: Ball
3-2: Base on Balls
Batting: LHB Stanley Woods 0-0: Ball
1-0: Ball
2-0: Ball
3-0: Called Strike
3-1: Foul Ball, location: 2F
3-2: 2-RUN HOME RUN (Flyball, 9LD), Distance : 341 ft
Pitching: RHP Arturo Díaz
Batting: RHB Howard Brown 0-0: Ball
1-0: Ball
2-0: Foul Ball, location: 2F
2-1: Swinging Strike
2-2: Foul Ball, location: 2F
2-2: Strikes out swinging
Batting: LHB Alfonso Sánchez 0-0: Called Strike
0-1: Foul Ball, location: 2F
0-2: SINGLE (Flyball, 9LS)
Batting: RHB Shane Hunter 0-0: Ball
Alfonso Sánchez is caught stealing 2nd base
Bottom of the 6th over - 2 runs, 2 hits, 0 errors, 0 left on base; Florida 0 - North Carolina 3
TOP OF THE 7TH
Florida Gators batting - Pitching for North Carolina Tar Heels : RHP Van Mojica
Batting: LHB Daniel Brennan 0-0: Ball
1-0: Called Strike
1-1: Foul Ball, location: 2F
1-2: Ball
2-2: Ground out 4-3 (Groundball, 4)
Batting: RHB Fred Byrd 0-0: Ball
1-0: Swinging Strike
1-1: Fly out, F8 (Line Drive, 8RM)
Batting: LHB Eddie Winters 0-0: Called Strike
0-1: Ball
1-1: Swinging Strike
1-2: Strikes out swinging
Top of the 7th over - 0 runs, 0 hits, 0 errors, 0 left on base; Florida 0 - North Carolina 3
BOTTOM OF THE 7TH
North Carolina Tar Heels batting - Pitching for Florida Gators : RHP Arturo Díaz
Batting: RHB Shane Hunter 0-0: SINGLE (Groundball, 34D)
Batting: RHB James Shane 0-0: Ball
Wild Pitch!
Shane Hunter to second
1-0: Foul Ball, location: 2F
1-1: Foul Ball, location: 2F
1-2: Foul Ball, location: 2F
1-2: Ball
2-2: DOUBLE (Line Drive, 89D)
Shane Hunter scores
Batting: RHB Marvin Montgomery 0-0: Called Strike
0-1: Ball
1-1: Swinging Strike
1-2: Foul Ball, location: 2F
1-2: Strikes out swinging
Batting: RHB Scotty Sherman 0-0: Called Strike
0-1: Ball
1-1: Ball
2-1: Called Strike
2-2: Foul Ball, location: 2F
2-2: Strikes out swinging
Batting: LHB Marvin Jones 0-0: Ball
1-0: Ball
2-0: Ball
3-0: Called Strike
3-1: Swinging Strike
3-2: Base on Balls
Batting: LHB Timothy Pierce 0-0: Fly out, F9 (Flyball, 9LSF)
Bottom of the 7th over - 1 run, 2 hits, 0 errors, 2 left on base; Florida 0 - North Carolina 4
TOP OF THE 8TH
Florida Gators batting - Pitching for North Carolina Tar Heels : RHP Van Mojica
Batting: RHB Miguel Jaramillo 0-0: Ball
1-0: Ball
2-0: Fly out, F5 (Popup, 5S)
Batting: RHB Dwayne Dickey 0-0: Ball
1-0: Ball
2-0: Foul Ball, location: 2F
2-1: Called Strike
2-2: SINGLE (Groundball, 56D)
Batting: LHB Juan Salas 0-0: Called Strike
0-1: 2-RUN HOME RUN (Flyball, 78XD), Distance : 376 ft
Pitching: RHP Adam Miller
Batting: RHB Ryan Huber 0-0: Ball
1-0: Foul Ball, location: 2F
1-1: Ball
2-1: Swinging Strike
2-2: Foul Ball, location: 2F
2-2: Ground out 6-3 (Groundball, 6)
Batting: RHB Tom Robinson 0-0: DOUBLE (Groundball, 5L)
Batting: RHB Shayne Garneau 0-0: Ball
1-0: Ball
2-0: Swinging Strike
2-1: Foul Ball, location: 2F
2-2: Strikes out swinging
Top of the 8th over - 2 runs, 3 hits, 0 errors, 1 left on base; Florida 2 - North Carolina 4
BOTTOM OF THE 8TH
North Carolina Tar Heels batting - Pitching for Florida Gators : RHP Arturo Díaz
Batting: LHB Stanley Woods 0-0: Foul Ball, location: 2F
0-1: Ball
1-1: Ball
2-1: Swinging Strike
2-2: Ball
3-2: Foul Ball, location: 2F
3-2: Foul Ball, location: 2F
3-2: Base on Balls
Pitching: RHP Gary Vázquez
Batting: RHB Howard Brown 0-0: Called Strike
0-1: Ball
Stanley Woods steals 2nd base
1-1: Ball
2-1: Ball
3-1: Foul Ball, location: 2F
3-2: Strikes out swinging
Batting: LHB Alfonso Sánchez 0-0: Ground out 6-3 (Groundball, 6)
Batting: RHB Shane Hunter 0-0: DOUBLE (Groundball, 5L)
Stanley Woods scores
Batting: RHB James Shane 0-0: Foul Ball, location: 2F
0-1: Called Strike
0-2: Ball
1-2: Strikes out swinging
Bottom of the 8th over - 1 run, 1 hit, 0 errors, 1 left on base; Florida 2 - North Carolina 5
TOP OF THE 9TH
Florida Gators batting - Pitching for North Carolina Tar Heels : RHP Adam Miller
Batting: LHB Daniel Brennan 0-0: Ball
1-0: Foul Ball, location: 2F
1-1: Fly out, F8 (Flyball, 8RM)
Batting: RHB Fred Byrd 0-0: Ball
1-0: Ball
2-0: Foul Ball, location: 2F
2-1: Ball
3-1: Base on Balls
Pitching: LHP Dan Womack
Batting: LHB Eddie Winters 0-0: Ball
1-0: Called Strike
1-1: Called Strike
1-2: Foul Ball, location: 2F
1-2: Ball
2-2: Strikes out swinging
Batting: RHB Miguel Jaramillo 0-0: Foul Ball, location: 2F
0-1: Ball
1-1: Ball
2-1: DOUBLE (Flyball, 8LD)
Fred Byrd to third
Batting: RHB Dwayne Dickey 0-0: Ball
1-0: Ball
2-0: Called Strike
2-1: SINGLE (Line Drive, 7LS)
Fred Byrd scores
Miguel Jaramillo to third
Pitching: RHP José Santos
Batting: LHB Juan Salas 0-0: Ball
1-0: Fly out, F7 (Flyball, 78D)
Top of the 9th over - 1 run, 2 hits, 0 errors, 2 left on base; Florida 3 - North Carolina 5
Saturday, December 16th, 2017 - OOTP Baseball 18.8 Build 76